 Dungeon Crawl Stone Soup version 0.19.0-23-gf02e663 (webtiles) character file.

50 GordonOverkill the Grave Robber (level 4, -2/35 HPs)
             Began as a Formicid Necromancer on Nov 20, 2016.
             Shot with a stone by a goblin (8 damage)
             ... led by Robin
             ... on level 2 of the Dungeon.
             The game lasted 00:04:47 (1879 turns).

GordonOverkill the Grave Robber (FoNe)              Turns: 1879, Time: 00:04:48

Health: -2/35      AC:  2    Str: 19    XL:     4   Next: 4%
Magic:  0/7        EV: 12    Int: 14    God:
Gold:   100        SH:  0    Dex: 11    Spells: 2 memorised, 5 levels left

rFire  . . .     SeeInvis +     k - +2 dagger (drain)
rCold  . . .     Gourm    .     a - +0 robe
rNeg   . . .     Faith    .     (no shield)
rPois  .         Spirit   .     (helmet unavailable)
rElec  .         Reflect  .     (no cloak)
rCorr  .         Harm     .     (no gloves)
MR     .....                    (no boots)
Stlth  ++........               (no amulet)
                                (no ring)
                                (no ring)

@: mighty, lethally poisoned (-2 -> -8), flying
A: permanent stasis, dig shafts and tunnels, four strong arms, antennae 3
a: Dig, Shaft Self


You were on level 2 of the Dungeon.
You were not hungry.

You visited 1 branch of the dungeon, and saw 2 of its levels.

You collected 100 gold pieces.

Inventory:

Hand Weapons
 i - a +2 dagger of speed
 k - a +2 dagger of draining (weapon)
Armour
 a - a +0 robe (worn)
 h - a +0 leather armour
Jewellery
 f - a +3 ring of strength {unknown}
Scrolls
 g - 2 scrolls of identify {unknown}
 j - a scroll of teleportation {unknown}
 l - a scroll of enchant armour {unknown}
 m - a scroll of amnesia {unknown}
Books
 b - a book of Necromancy

   Spells                             Type                      Level
   a - Pain                           Necromancy                   1
   b - Animate Skeleton               Necromancy                   1
   c - Vampiric Draining              Necromancy                   3
   d - Regeneration                   Charms/Necromancy            3
   e - Animate Dead                   Necromancy                   4
   f - Control Undead                 Necromancy                   4
Comestibles
 c - a bread ration
 o - a chunk of flesh
 p - a meat ration


   Skills:
 + Level 3.5 Fighting
 - Level 1.7 Dodging
 - Level 2.4 Stealth
 - Level 2.1 Spellcasting
 - Level 4.0 Necromancy


You had 5 spell levels left.
You knew the following spells:

 Your Spells              Type           Power        Failure   Level  Hunger
a - Pain                  Necr           ##..         4%          1    #......
b - Animate Skeleton      Necr           N/A          4%          1    #......


Dungeon Overview and Level Annotations

Branches:
Dungeon (2/15)

Altars:
Yredelemnul


Innate Abilities, Weirdness & Mutations

You are under a permanent stasis effect.
You can dig through walls and to a lower floor.
Your four strong arms can wield two-handed weapons with a shield.
You have a pair of large antennae on your head. (SInv)


Message History

You aren't carrying any potions.
Unknown command.
You hit Robin.
Robin is moderately wounded.
* * * LOW HITPOINT WARNING * * *
You feel sick.
Robin roars a battlecry!
The hobgoblin goes into a battle-frenzy!
The goblin barely misses you.
You puncture Robin!
Robin is almost dead.
The goblin hits you but does no damage.
You hit Robin.
You kill Robin!
You have reached level 4!
You feel stronger.
* * * LOW HITPOINT WARNING * * *
You feel sick.
The goblin wields a hunting sling.
The goblin shoots a stone.
The stone hits you!
You die...

###.# #...#
#.### #.# #.#
#.# #.# #g# #@#
#)# #g#
$.######g#
....?...g#
...!......).)..
.######....>.?.
#########


You could see a hobgoblin and 3 goblins.

Vanquished Creatures
  Robin (D:2)
  4 dart slugs
  4 bats (D:1)
  A giant cockroach (D:1)
  6 goblins
  3 hobgoblins
  A ball python (D:2)
  2 frilled lizards
  7 kobolds
  2 rats
31 creatures vanquished.

Notes
Turn   | Place    | Note
-------+----------+-------------------------------------------
     0 | D:1      | GordonOverkill the Formicid Necromancer began the quest for the Orb.
     0 | D:1      | Reached XP level 1. HP: 13/13 MP: 3/3
   268 | D:1      | Reached skill level 1 in Fighting
   326 | D:1      | Reached XP level 2. HP: 21/21 MP: 3/5
  1052 | D:1      | Reached XP level 3. HP: 23/28 MP: 3/6
  1490 | D:2      | Learned a level 1 spell: Animate Skeleton
  1792 | D:2      | Found a basalt altar of Yredelemnul.
  1864 | D:2      | Noticed Robin
  1879 | D:2      | Killed Robin
  1879 | D:2      | Reached XP level 4. HP: 7/35 MP: 0/7
  1879 | D:2      | Shot with a stone by a goblin

Skill      XL: |  1  2  3 |
---------------+----------+-----
Fighting       | 1 2 3 |  3.5
Dodging        | |  1.7
Stealth        | |  2.4
Spellcasting   | |  2.1
Necromancy     | |  4.0

Action                   |  1- 3 |  4- 6 || total
-------------------------+-------+-------++-------
Melee: Dagger            |     9 |       ||     9
 Cast: Pain              |    62 |       ||    62
       Animate Skeleton  |     2 |       ||     2
  Use: Potion            |     3 |       ||     3
  Eat: Chunk             |     4 |       ||     4
Armor: Robe              |     2 |       ||     2
Dodge: Dodged            |    17 |       ||    17
